 Dungeon Crawl Stone Soup version 0.28.0-1-gb440e238dd (webtiles) character file.

Game seed: 6971203104198456371

247 rabbitsville the Changer (level 6, -8/55 HPs)
             Began as a Gnoll Wanderer on Feb 27, 2022.
             Mangled by a wraith (13 damage)
             ... in an ossuary.
             The game lasted 00:27:21 (4154 turns).

rabbitsville the Changer (Gnoll Wanderer)           Turns: 4154, Time: 00:27:27

Health: -8/55      AC:  2    Str:  8    XL:     6   Next: 11%
Magic:  9/11       EV: 12    Int: 14    God:
Gold:   121        SH:  0    Dex: 14    Spells: 10/11 levels left

rFire   . . .      SeeInvis .   f - +2 dagger (protect)
rCold   . . .      Faith    .   q - orb {light}
rNeg    . . .      Spirit   .   b - +0 robe
rPois   .          Reflect  .   (no helmet)
rElec   .          Harm     .   (no cloak)
rCorr   .          Rampage  .   (no gloves)
Will    .....                   (no boots)
Stlth   +.........              (no amulet)
HPRegen 0.98/turn               (no ring)
MPRegen 0.12/turn               (no ring)

@: slowed, glowing, invisible (but backlit and visible), very slow
A: fangs 1, strong nose, distributed training, sense surroundings 1,
regeneration 1, robust 1
a: no special abilities


You were in an ossuary.
You visited 1 branch of the dungeon, and saw 4 of its levels.
You also visited: Ossuary.

You collected 121 gold pieces.

Inventory:

Hand Weapons
 a - a +1 quarterstaff
 f - a +2 dagger of protection (weapon)
Armour
 b - a +0 robe (worn)
 q - an orb of light (worn)
Magical Staves
 j - a staff of poison
Jewellery
 n - a ring of ice
Scrolls
 e - a scroll of identify
 g - 2 scrolls of enchant armour
 h - a scroll of brand weapon {unknown}
 i - 5 scrolls of teleportation
 p - a scroll of enchant weapon {unknown}
Potions
 c - a potion of attraction {unknown}
 d - 3 potions of curing
 k - a potion of invisibility
 l - 2 potions of mutation
 m - a potion of magic {unknown}
 o - 2 potions of flight {unknown}
 r - a potion of haste {unknown}


   Skills:
 + Level 4.9 Fighting
 + Level 1.8 Short Blades
 + Level 1.8 Long Blades
 + Level 1.8 Axes
 + Level 1.8 Maces & Flails
 + Level 1.8 Polearms
 + Level 4.9 Staves
 + Level 1.8 Slings
 + Level 1.8 Bows
 + Level 1.8 Crossbows
 + Level 1.8 Throwing
 + Level 3.1 Armour
 + Level 1.8 Dodging
 + Level 3.0 Stealth
 + Level 1.8 Shields
 + Level 1.8 Unarmed Combat
 + Level 3.3 Spellcasting
 + Level 1.4 Conjurations
 + Level 1.4 Hexes
 + Level 1.4 Summonings
 + Level 1.4 Necromancy
 + Level 1.4 Translocations
 + Level 5.6 Transmutations
 + Level 1.4 Fire Magic
 + Level 1.4 Ice Magic
 + Level 1.4 Air Magic
 + Level 1.4 Earth Magic
 + Level 1.4 Poison Magic
 + Level 2.0 Invocations
 + Level 1.8 Evocations


You had 10 spell levels left.
You knew the following spells:

 Your Spells              Type           Power      Damage    Failure   Level
a - Sting                 Tmut/Pois      48%        1d5       4%          1

Your spell library contained the following spells:

 Spells                   Type           Power      Damage    Failure   Level
 Beastly Appendage        Tmut           36%        N/A       1%          1
 Wereblood                Tmut           18%        N/A       3%          2
 Passwall                 Tmut/Erth      10%        N/A       8%          2
 Spider Form              Tmut/Pois      12%        N/A       14%         3


Dungeon Overview and Level Annotations

Branches:
Dungeon (4/15)            Ossuary (1/1)
 Temple: D:4-7

Altars:
Xom

Shops:
D:2 (

Annotations:
D:2 1 runed translucent door, exclusions: door and ogre, Crazy Yiuf, Natasha
D:3 Grinder


Innate Abilities, Weirdness & Mutations

You have very sharp teeth.
Your uncanny sense of smell can sniff out nearby items.
Your experience applies equally to all skills.
You passively map a small area around you.
Your natural rate of healing is unusually fast.
You are robust. (+10% HP)


Message History

The kobold zombie hits you but does no damage.
The wraith hits you.
The kobold zombie hits you but does no damage.
You hit the kobold zombie.
The kobold zombie is moderately damaged.
The wraith barely misses you. The kobold zombie closely misses you.
You hit the wraith but do no damage.
The wraith is lightly damaged.
The wraith hits you but does no damage.
The kobold zombie completely misses you.
The wraith barely misses you.
Your magical contamination has completely faded away.
You hit the kobold zombie.
The kobold zombie is almost destroyed.
The wraith hits you!
* * * LOW HITPOINT WARNING * * *
The wraith drains your vigour!
You feel as though you will be slow longer.
The kobold zombie closely misses you.
You hit the kobold zombie.
You destroy the kobold zombie!
The wraith hits you.
* * * LOW HITPOINT WARNING * * *
The wraith drains your vigour!
You feel as though you will be slow longer.
It was a potion of mutation.
You feel extremely strange.
You feel robust.
You begin to heal more quickly.
You feel a strange attunement to the structure of the dungeons.
The wraith barely misses you. The wraith hits you.
* * * LOW HITPOINT WARNING * * *
The wraith drains your vigour!
You feel as though you will be slow longer.
You feel better. The wraith hits you!
* * * LOW HITPOINT WARNING * * *
It was a potion of invisibility.
You become transparent, but the glow from your halo prevents you from becoming completely invisible.
The wraith hits you!
* * * LOW HITPOINT WARNING * * *
The wraith hits you!
You die...

,,*∆ ...8...#∆ ...8. #..#
##......#+#..... #... ...
...#.#.... #... ... ........
, #..#*##.# ##.....##
#..#∆+..#∆+...8...+∆ .. ∆
#..####.####.....####.####..#
#...........................#
#............#@#........ ...#
#..####......#W#......## #..#
#..#.'...8...#!#...8...+ #..#
#..####......###......####..#
#...........................#
#...........................#
#..#.#..#.#..#.#..#.#..#.#..#
#..#'#..#'#..#'#..#'#..#'#..#
#..#.#..#.#..#.#..#.#..#.#..#


You could see a wraith.

Vanquished Creatures
  A human zombie (Ossuary)
  A hound (D:4)
  Terence (D:3)
  Jessica (D:2)
  3 adders
  An ufetubus (D:4)
  An adder skeleton (D:4)
  3 worms
  4 dart slugs (D:1)
  4 orcs (D:3)
  3 endoplasms
  3 giant cockroaches
  11 goblins
  6 hobgoblins
  2 jackals (D:1)
  2 kobolds (D:1)
  4 quokkas
  9 ball pythons
  5 bats
  4 frilled lizards
  2 goblin zombies (Ossuary)
  2 hobgoblin zombies (Ossuary)
  2 kobold zombies (Ossuary)
  8 rats
83 creatures vanquished.

Vanquished Creatures (others)
  4 fungi (D:2)
4 creatures vanquished.

Grand Total: 87 creatures vanquished

Notes
Turn   | Place    | Note
-------+----------+-------------------------------------------
     0 | D:1      | rabbitsville the Gnoll Wanderer began the quest for the
                  | Orb.
     0 | D:1      | rabbitsville set off with the following items: a +1
                  | quarterstaff, a +0 robe; and the following spell memorised:
                  | Sting; and the following spells available to memorise:
                  | Passwall, Spider Form
     0 | D:1      | Reached XP level 1. HP: 20/20 MP: 4/4
    98 | D:1      | Found a faded altar of an unknown god.
   175 | D:1      | Reached XP level 2. HP: 20/26 MP: 3/5
   491 | D:1      | Reached XP level 3. HP: 29/31 MP: 5/7
   827 | D:2      | Found Jaufyrerch's Antique Weapon Boutique.
   852 | D:2      | Noticed an ogre
   905 | D:2      | Reached skill level 1 in Invocations
   908 | D:2      | Noticed Terence
   915 | D:2      | Noticed Jessica
   931 | D:3      | Killed Terence
   932 | D:3      | Reached skill level 1 in Short Blades
   932 | D:3      | Reached skill level 1 in Long Blades
   932 | D:3      | Reached skill level 1 in Axes
   932 | D:3      | Reached skill level 1 in Maces & Flails
   932 | D:3      | Reached skill level 1 in Polearms
   932 | D:3      | Reached skill level 1 in Slings
   932 | D:3      | Reached skill level 1 in Bows
   932 | D:3      | Reached skill level 1 in Crossbows
   932 | D:3      | Reached skill level 1 in Throwing
   932 | D:3      | Reached skill level 1 in Dodging
   932 | D:3      | Reached skill level 1 in Shields
   932 | D:3      | Reached skill level 1 in Unarmed Combat
   932 | D:3      | Reached skill level 1 in Evocations
   932 | D:3      | Reached XP level 4. HP: 14/38 MP: 2/8
  1161 | D:2      | Killed Jessica
  1162 | D:2      | Reached skill level 1 in Conjurations
  1162 | D:2      | Reached skill level 1 in Hexes
  1162 | D:2      | Reached skill level 1 in Summonings
  1162 | D:2      | Reached skill level 1 in Necromancy
  1162 | D:2      | Reached skill level 1 in Translocations
  1162 | D:2      | Reached skill level 1 in Fire Magic
  1162 | D:2      | Reached skill level 1 in Ice Magic
  1162 | D:2      | Reached skill level 1 in Air Magic
  1162 | D:2      | Reached skill level 1 in Earth Magic
  1162 | D:2      | Reached skill level 1 in Poison Magic
  1280 | D:2      | Found a shimmering altar of Xom.
  1509 | D:2      | Found a runed translucent door.
  1510 | D:2      | Noticed Crazy Yiuf
  1837 | D:2      | Noticed Natasha
  2053 | D:3      | Noticed Grinder
  2089 | D:3      | Reached XP level 5. HP: 33/43 MP: 2/9
  3494 | D:4      | Found a sand-covered staircase.
  3499 | Ossuary  | Entered an ossuary
  3499 | Ossuary  | Noticed a wraith
  3499 | Ossuary  | Noticed a wraith
  3499 | Ossuary  | Noticed a wraith
  3793 | Ossuary  | Reached XP level 6. HP: 26/50 MP: 9/11
  4140 | Ossuary  | Noticed a wraith
  4152 | Ossuary  | Gained mutation: You are robust. (+10% HP) [potion of
                  | mutation]
  4152 | Ossuary  | Gained mutation: Your natural rate of healing is unusually
                  | fast. [potion of mutation]
  4152 | Ossuary  | Gained mutation: You passively map a small area around you.
                  | [potion of mutation]
  4154 | Ossuary  | Mangled by a wraith

Illustrated notes

Levels and vault maps discovered:
D:1:      dpeg_arrival_round_a, layout_rooms, ebering_ecumenical_altar_rust,
          minivault_11, hex_tiny
D:2:      layout_rooms, serial_co_window_serial, co_window_paths_a,
          co_window_corner_a, co_window_paths_a, co_window_paths_b,
          co_window_paths_b, co_window_cross_2, co_window_of_opportunity_b,
          co_window_broadway_c, co_window_4corner_a, co_window_sun,
          serial_shops, shop, basic_altar, uniq_terence, uniq_natasha,
          uniq_jessica, uniq_crazy_yiuf_cottage
D:3:      layout_rooms, minmay_quadrilaterals, uniq_grinder
D:4:      kennysheep_big_flooded_room, layout_basic, enter_ossuary_2,
          kennysheep_windowed_goal, uniq_pikel
Ossuary:  ossuary_kennysheep_city_of_the_dead

Skill      XL: |  1  2  3  4  5 |
---------------+----------------+-----
Invocations    | 1 2 |  2.0
Short Blades   | 1 |  1.8
Long Blades    | 1 |  1.8
Axes           | 1 |  1.8
Maces & Flails | 1 |  1.8
Polearms       | 1 |  1.8
Slings         | 1 |  1.8
Bows           | 1 |  1.8
Crossbows      | 1 |  1.8
Throwing       | 1 |  1.8
Dodging        | 1 |  1.8
Shields        | 1 |  1.8
Unarmed Combat | 1 |  1.8
Evocations     | 1 |  1.8
Spellcasting   | 3 |  3.3
Conjurations   | 1 |  1.4
Hexes          | 1 |  1.4
Summonings     | 1 |  1.4
Necromancy     | 1 |  1.4
Translocations | 1 |  1.4
Fire Magic     | 1 |  1.4
Ice Magic      | 1 |  1.4
Air Magic      | 1 |  1.4
Earth Magic    | 1 |  1.4
Poison Magic   | 1 |  1.4
Armour         | 3 |  3.1
Stealth        | 3 |  3.0
Fighting       | |  4.9
Staves         | |  4.9
Transmutations | |  5.6

Action                   |  1- 3 |  4- 6 || total
-------------------------+-------+-------++-------
Melee: Quarterstaff      |    17 |       ||    17
       Dagger            |    35 |   105 ||   140
       Bite              |     4 |    22 ||    26
       Punch             |     1 |     2 ||     3
       Staff             |       |    42 ||    42
 Cast: Sting             |    32 |    77 ||   109
  Use: Scroll            |       |     3 ||     3
       Potion            |       |     3 ||     3
Armor: Robe              |    10 |    33 ||    43
Dodge: Dodged            |    32 |    85 ||   117
